 Dungeon Crawl Stone Soup version 0.22-a0-617-g6d95e9e (webtiles) character file.

37 sking99 the Slasher (level 3, -3/30 HPs)
             Began as a Draconian Warper on July 12, 2018.
             Splashed by a jelly's acid (8 damage)
             ... on level 2 of the Dungeon.
             The game lasted 00:01:03 (1502 turns).

sking99 the Slasher (Draconian Warper)              Turns: 1502, Time: 00:01:04

Health: -3/30      AC: -3    Str: 13    XL:     3   Next: 21%
Magic:  4/6        EV: 12    Int: 13    God:
Gold:   56         SH:  0    Dex: 11    Spells: 2/6 levels left

rFire    . . .     SeeInvis .   a - +0 falchion
rCold    . . .     Gourm    .   (no shield)
rNeg     . . .     Faith    .   (armour unavailable)
rPois    .         Spirit   .   (helmet restricted)
rElec    .         Reflect  .   (no cloak)
rCorr    .         Harm     .   (no gloves)
MR       .....                  (no boots)
Stlth    +.........             (no amulet)
HPRegen  0.10/turn              (no ring)
MPRegen  0.10/turn              (no ring)

@: corroded, starving
A: unfitting armour, cold-blooded, AC +5
a: no special abilities


You were on level 2 of the Dungeon.
You were starving.

You visited 1 branch of the dungeon, and saw 2 of its levels.

You collected 56 gold pieces.

Inventory:

Hand Weapons
 a - a +0 falchion (weapon)
Missiles
 d - 5 tomahawks of dispersal (quivered)
Scrolls
 c - a scroll of blinking
 g - 2 scrolls of remove curse {unknown}
 h - 2 scrolls of identify {unknown}
Potions
 e - 2 potions of agility {unknown}
Comestibles
 f - 4 rations


   Skills:
 + Level 2.9 Fighting
 * Level 3.2 Long Blades
 - Level 0.8 Throwing
 - Level 2.1 Dodging
 - Level 2.0 Spellcasting
 - Level 3.0 Translocations


You had 2 spell levels left.
You knew the following spells:

 Your Spells              Type           Power        Failure   Level  Hunger
a - Blink                 Tloc           N/A          11%         2    ###....
b - Shroud of Golubria    Chrm/Tloc      #.........   21%         2    ###....

Your spell library contained the following spells:

 Spells                   Type           Power        Failure   Level  Hunger
 Teleport Other           Tloc           #.......     22%         3    ####...
 Passage of Golubria      Tloc           N/A          58%         4    #####..
 Gell's Gravitas          Tloc           #.........   22%         3    ####...
 Lesser Beckoning         Tloc           #.........   22%         3    ####...


Dungeon Overview and Level Annotations

Branches:
Dungeon (2/15)

Altars:


Innate Abilities, Weirdness & Mutations

Your plain brown scales are hard. (AC +5)
You cannot fit into any form of body armour.
You are cold-blooded and may be slowed by cold attacks.


Message History

The ooze hits you but does no damage.
You barely miss the ooze.
You kill the ooze!
You hit the jelly.
Your hands burn!
The jelly is lightly wounded.
The jelly hits you but does no damage.
You hit the jelly. The acid corrodes you!
Your hands burn!
The jelly is moderately wounded.
The jelly closely misses you.
You hit the jelly but do no damage.
Your hands burn!
The jelly is moderately wounded.
The jelly hits you. The acid corrodes you!
You are splashed with acid!
The acid burns!
You hit the jelly but do no damage. The acid corrodes you!
Your hands burn!
* * * LOW HITPOINT WARNING * * *
The jelly is moderately wounded.
The jelly hits you.
* * * LOW HITPOINT WARNING * * *
You are splashed with acid!
The acid burns!
You die...

##########
#..........
#.....P.P)
#...#.#...#
#.P.P.....
#..........
#÷....P...
#...#.##.>#
#....÷..÷.
#..........
#.JJ..J.P÷
#.###.#####
#.÷.J.PJ.÷
#...(...... #'#######
#.##.###..#
##JJ@)..###.##.# #...
########.##<##.# #...
#....'..###.##.# #...
#....######.##.###...
#.......##...........
#.......##...........
#.......##...........
#.(.....##..####.....
... ##..))(###..#
#.##..


You could see a jelly and an ooze.

Vanquished Creatures
  4 oozes
  A leopard gecko (D:2)
  A giant cockroach (D:1)
  3 bats (D:1)
  3 frilled lizards
  8 kobolds
  3 rats (D:1)
23 creatures vanquished.

Vanquished Creatures (others)
  10 toadstools (D:2)
10 creatures vanquished.

Grand Total: 33 creatures vanquished

Notes
Turn   | Place    | Note
-------+----------+-------------------------------------------
     0 | D:1      | sking99 the Draconian Warper began the quest for the Orb.
     0 | D:1      | Reached XP level 1. HP: 17/17 MP: 3/3
   201 | D:1      | Reached XP level 2. HP: 25/25 MP: 5/5
   235 | D:1      | Learned a level 2 spell: Blink
   238 | D:1      | Learned a level 2 spell: Shroud of Golubria
  1494 | D:2      | Reached XP level 3. HP: 30/30 MP: 3/6
  1502 | D:2      | Splashed by a jelly's acid

Vault maps used:
D:1:      dpeg_arrival_refuge, serial_bayou_pond_c
D:2:      cheibrodos_fertilizer

Skill      XL: |  1  2 |
---------------+-------+-----
Long Blades    | 3 |  3.2
Fighting       | |  2.9
Throwing       | |  0.8
Dodging        | |  2.1
Spellcasting   | |  2.0
Translocations | |  3.0

Action                   || total
-------------------------++-------
Melee: Falchion          ||    65
       Tailslap          ||     8
 Cast: Shroud of Golubri ||     3
 Stab: Sleeping          ||     1
Armor: Skin              ||    33
Dodge: Dodged            ||    59
       Rpst.: Falchion   ||    14

Table legend:
 A = Spawn XP
 B = Non-spawn XP
 C = Spawn XP percentage of total XP
 D = Spawn monster count
 E = Non-spawn monster count
 F = Spawn count percentage of total count
 G = Total turns spent on level
                    A         B        C        D         E        F      G
               +---------+---------+-------+---------+---------+-------+---------
         Total |       0 |      53 |   0.0 |       0 |      23 |   0.0 |  1502
               +---------+---------+-------+---------+---------+-------+---------
           D:1 |       0 |      18 |   0.0 |       0 |      11 |   0.0 |   905
           D:2 |       0 |      35 |   0.0 |       0 |      12 |   0.0 |   597
               +---------+---------+-------+---------+---------+-------+---------
